IL
EL PASO CHIHUAHUAS @ LOUISVILLE BATS
08/26/2047
 
TOP OF THE 1ST
El Paso Chihuahuas batting - Pitching for Louisville Bats : LHP Ed Chavez
Pitching: LHP Ed Chavez
Batting: LHB Angel Mejia 0-0: Ball
1-0: Ball
2-0: Foul Ball, location: 2F
2-1: Ball
3-1: Fly out, F9 (Flyball, 9S, EV 91.2 MPH)
Batting: RHB Andy Sheridan 0-0: Ball
1-0: Foul Ball, location: 2F
1-1: Foul Ball, location: 2F
1-2: Foul Ball, location: 2F
1-2: Ball
2-2: Fly out, F7 (Flyball, 7, EV 90.0 MPH)
Batting: SHB Adam Martin 0-0: Ball
1-0: Swinging Strike
1-1: Swinging Strike
1-2: Foul Ball, location: 2F
1-2: Ball
2-2: Strikes out swinging
Top of the 1st over - 0 runs, 0 hits, 0 errors, 0 left on base; El Paso 0 - Louisville 0
BOTTOM OF THE 1ST
Louisville Bats batting - Pitching for El Paso Chihuahuas : RHP Bobby Mauk
Pitching: RHP Bobby Mauk
Batting: RHB Won-jun Park 0-0: Foul Ball, location: 2F
0-1: Swinging Strike
0-2: Ball
1-2: Foul Ball, location: 2F
1-2: Fly out, F8 (Flyball, 8LD, EV 76.9 MPH)
Batting: RHB Eric Sullivan 0-0: Called Strike
0-1: SINGLE (Line Drive, 3D, EV 94.4 MPH)
Batting: LHB Randy Racine 0-0: Ball
Eric Sullivan steals 2nd base (no throw)
1-0: Ball
2-0: Ground out 5-3 (Groundball, 56, EV 89.4 MPH)
Batting: SHB Greg Prime 0-0: Called Strike
0-1: Swinging Strike
0-2: Ball
1-2: Ball
2-2: SINGLE (Groundball, 25, EV 69.4 MPH) (infield hit)
Eric Sullivan to third
Batting: LHB Satoru Handa 0-0: Ball
1-0: Ball
2-0: Ground out 1-3 (Groundball, 13S, EV 70.0 MPH)
Bottom of the 1st over - 0 runs, 2 hits, 0 errors, 2 left on base; El Paso 0 - Louisville 0
TOP OF THE 2ND
El Paso Chihuahuas batting - Pitching for Louisville Bats : LHP Ed Chavez
Batting: RHB Danny Bunn 0-0: Ball
1-0: Ground out 6-3 (Groundball, 6, EV 86.9 MPH)
Batting: RHB Mike Maserang 0-0: Ball
1-0: Ball
2-0: Called Strike
2-1: Swinging Strike
2-2: Foul Ball, location: 2F
2-2: Foul Ball, location: 2F
2-2: Ball
3-2: Ground out 6-3 (Groundball, 56, EV 110.0 MPH)
Batting: RHB Kiril Emeshin 0-0: Ball
1-0: Called Strike
1-1: Called Strike
1-2: Strikes out swinging
Top of the 2nd over - 0 runs, 0 hits, 0 errors, 0 left on base; El Paso 0 - Louisville 0
BOTTOM OF THE 2ND
Louisville Bats batting - Pitching for El Paso Chihuahuas : RHP Bobby Mauk
Batting: RHB Colin Lord 0-0: Foul Ball, location: 2F
0-1: Ball
1-1: Ball
2-1: Ball
3-1: Base on Balls
Batting: RHB Ryan Short 0-0: Called Strike
0-1: Called Strike
0-2: Ball
1-2: Ball
2-2: Strikes out swinging
Batting: RHB Dave Ruiz 0-0: TRIPLE (Flyball, 9LD, EV 97.5 MPH)
Colin Lord scores
Batting: RHB Matt Silva 0-0: Ball
1-0: Ball
2-0: Called Strike
2-1: Ball
3-1: Called Strike
3-2: Ground out 6-3 (Groundball, 6, EV 83.8 MPH)
Dave Ruiz scores
Batting: RHB Won-jun Park 0-0: Ball
1-0: Called Strike
1-1: Foul Ball, location: 2F
1-2: Ball
2-2: Ground out 5-3 (Groundball, 5S, EV 63.1 MPH)
Bottom of the 2nd over - 2 runs, 1 hit, 0 errors, 0 left on base; El Paso 0 - Louisville 2
TOP OF THE 3RD
El Paso Chihuahuas batting - Pitching for Louisville Bats : LHP Ed Chavez
Batting: RHB Rene Montoya 0-0: Ball
1-0: Foul Ball, location: 2F
1-1: Foul Ball, location: 2F
1-2: Ball
2-2: Strikes out swinging
Batting: RHB Matt Fabre 0-0: Ball
1-0: Called Strike
1-1: Swinging Strike
1-2: Ball
2-2: Ball
3-2: Foul Ball, location: 2F
3-2: Base on Balls
Batting: RHB Adam Noyes 0-0: Foul Ball, location: 2F
0-1: Foul Ball, location: 2F
0-2: Ball
1-2: Foul Ball, location: 2F
1-2: Strikes out looking
Batting: LHB Angel Mejia 0-0: Called Strike
0-1: Ball
1-1: SINGLE (Groundball, 4MD, EV 108.1 MPH)
Matt Fabre to second
Runner from 2nd tries for 3rd, SAFE, throw by CF made to third
Angel Mejia to second
Batting: RHB Andy Sheridan 0-0: Ball
1-0: Ball
2-0: Ball
3-0: Called Strike
3-1: Base on Balls
Batting: SHB Adam Martin 0-0: Foul Ball, location: 2F
0-1: Ball
1-1: Swinging Strike
1-2: Ball
2-2: Strikes out swinging
Top of the 3rd over - 0 runs, 1 hit, 0 errors, 3 left on base; El Paso 0 - Louisville 2
BOTTOM OF THE 3RD
Louisville Bats batting - Pitching for El Paso Chihuahuas : RHP Bobby Mauk
Batting: RHB Eric Sullivan 0-0: Ball
1-0: Ground out U3 (Groundball, 13, EV 90.6 MPH)
Batting: LHB Randy Racine 0-0: Called Strike
0-1: Ball
1-1: DOUBLE (Flyball, 8LXD, EV 93.8 MPH)
Batting: SHB Greg Prime 0-0: Foul Ball, location: 2F
0-1: Foul Ball, location: 2F
0-2: Ball
1-2: SINGLE (Flyball, 3D, EV 84.4 MPH)
Randy Racine to third
Batting: LHB Satoru Handa 0-0: Ball
1-0: Ball
2-0: Foul Ball, location: 2F
2-1: DOUBLE (Line Drive, 78D, EV 102.5 MPH)
Randy Racine scores
Greg Prime to third
Runner from 3rd tries for Home, SAFE, throw by LF to home
Batting: RHB Colin Lord 0-0: Ball
1-0: Ball
2-0: Ball
3-0: Called Strike
3-1: Base on Balls
Satoru Handa steals 3rd base
Batting: RHB Ryan Short 0-0: Foul Ball, location: 2F
0-1: Called Strike
0-2: Foul Ball, location: 2F
0-2: Foul Ball, location: 2F
0-2: Ball
1-2: Ball
2-2: Foul Ball, location: 2F
2-2: Ball
3-2: Foul Ball, location: 2F
3-2: Strikes out looking
Colin Lord steals 2nd base
Batter strikes out.
Batting: RHB Dave Ruiz 0-0: Called Strike
0-1: Foul Ball, location: 2F
0-2: Ball
1-2: Ball
2-2: Strikes out swinging
Bottom of the 3rd over - 2 runs, 3 hits, 0 errors, 2 left on base; El Paso 0 - Louisville 4
TOP OF THE 4TH
El Paso Chihuahuas batting - Pitching for Louisville Bats : LHP Ed Chavez
Batting: RHB Danny Bunn 0-0: Ball
1-0: Foul Ball, location: 2F
1-1: Fly out, F6 (Popup, 15S, EV 81.2 MPH)
Batting: RHB Mike Maserang 0-0: Called Strike
0-1: Ball
1-1: Ball
2-1: Foul Ball, location: 2F
2-2: SINGLE (Line Drive, 34, EV 97.5 MPH)
Batting: RHB Kiril Emeshin 0-0: Swinging Strike
0-1: Foul Ball, location: 2F
0-2: Strikes out looking
Batting: RHB Rene Montoya 0-0: Called Strike
0-1: Foul Ball, location: 2F
0-2: Foul Ball, location: 2F
0-2: Ball
1-2: Ball
2-2: Fly out, F8 (Line Drive, 8RD, EV 103.8 MPH)
Top of the 4th over - 0 runs, 1 hit, 0 errors, 1 left on base; El Paso 0 - Louisville 4
BOTTOM OF THE 4TH
Louisville Bats batting - Pitching for El Paso Chihuahuas : RHP Bobby Mauk
Batting: RHB Matt Silva 0-0: Ball
1-0: Swinging Strike
1-1: Reached on error, E5 (Groundball, 5, EV 88.8 MPH)
Batting: RHB Won-jun Park 0-0: Called Strike
0-1: Fly out, F8 (Flyball, 8LD, EV 91.9 MPH)
Batting: RHB Eric Sullivan 0-0: Swinging Strike
0-1: Foul Ball, location: 2F
0-2: Foul Ball, location: 2F
0-2: Ball
1-2: Foul Ball, location: 2F
1-2: Foul Ball, location: 2F
1-2: Strikes out swinging
Batting: LHB Randy Racine 0-0: Ball
1-0: Ball
2-0: Ball
3-0: Base on Balls
Batting: SHB Greg Prime 0-0: Ball
1-0: Ball
2-0: Ball
3-0: Called Strike
3-1: Base on Balls
Matt Silva to third
Randy Racine to second
Batting: LHB Satoru Handa 0-0: Ball
1-0: Foul Ball, location: 2F
1-1: Fielders Choice at 2nd, 5-4 (Groundball, 56D, EV 88.8 MPH)
Bottom of the 4th over - 0 runs, 0 hits, 1 error, 3 left on base; El Paso 0 - Louisville 4
TOP OF THE 5TH
El Paso Chihuahuas batting - Pitching for Louisville Bats : LHP Ed Chavez
Batting: RHB Matt Fabre 0-0: Swinging Strike
0-1: Foul Ball, location: 2F
0-2: Strikes out swinging
Batting: RHB Adam Noyes 0-0: Ball
1-0: Foul Ball, location: 2F
1-1: Swinging Strike
1-2: SINGLE (Groundball, 4MS, EV 75.6 MPH) (infield hit)
Batting: LHB Angel Mejia 0-0: Ball
1-0: DOUBLE (Flyball, 78D, EV 105.0 MPH)
Adam Noyes to third
Batting: RHB Andy Sheridan 0-0: Ball
1-0: Called Strike
1-1: Ball
2-1: Foul Ball, location: 2F
2-2: Foul Ball, location: 2F
2-2: Fly out, F7 (Flyball, 7S, EV 71.9 MPH)
Batting: SHB Adam Martin 0-0: Called Strike
0-1: Ball
1-1: Ground out 5-3 (Groundball, 56, EV 111.9 MPH)
Top of the 5th over - 0 runs, 2 hits, 0 errors, 2 left on base; El Paso 0 - Louisville 4
BOTTOM OF THE 5TH
Louisville Bats batting - Pitching for El Paso Chihuahuas : RHP Bobby Mauk
Batting: RHB Colin Lord 0-0: Called Strike
0-1: Called Strike
0-2: Strikes out looking
Pitching: RHP Ethan Massey
Batting: RHB Ryan Short 0-0: Ball
1-0: Ball
2-0: Ground out 5-3 (Groundball, 56, EV 85.0 MPH)
Batting: RHB Dave Ruiz 0-0: Ball
1-0: Ground out 6-3 (Groundball, 6, EV 85.6 MPH)
Bottom of the 5th over - 0 runs, 0 hits, 0 errors, 0 left on base; El Paso 0 - Louisville 4
TOP OF THE 6TH
El Paso Chihuahuas batting - Pitching for Louisville Bats : LHP Ed Chavez
Batting: RHB Danny Bunn 0-0: Foul Ball, location: 2F
0-1: Swinging Strike
0-2: Foul Ball, location: 2F
0-2: Strikes out swinging
Pitching: RHP Joaquin Villalobos
Batting: RHB Mike Maserang 0-0: Ball
1-0: Ball
2-0: Ball
3-0: Called Strike
3-1: Base on Balls
Batting: RHB Kiril Emeshin 0-0: Grounds into double play, 5-4-3 (Groundball, 56, EV 78.8 MPH)
Top of the 6th over - 0 runs, 0 hits, 0 errors, 0 left on base; El Paso 0 - Louisville 4
BOTTOM OF THE 6TH
Louisville Bats batting - Pitching for El Paso Chihuahuas : RHP Ethan Massey
Batting: RHB Matt Silva 0-0: Called Strike
0-1: Ball
1-1: Called Strike
1-2: Fly out, F7 (Line Drive, 78D, EV 97.5 MPH)
Batting: RHB Won-jun Park 0-0: Ball
1-0: Called Strike
1-1: Swinging Strike
1-2: SINGLE (Line Drive, 89S, EV 94.4 MPH)
Batting: RHB Eric Sullivan 0-0: Called Strike
0-1: Ball
1-1: Grounds into double play, 4-6-3 (Groundball, 34, EV 101.2 MPH)
Bottom of the 6th over - 0 runs, 1 hit, 0 errors, 0 left on base; El Paso 0 - Louisville 4
TOP OF THE 7TH
El Paso Chihuahuas batting - Pitching for Louisville Bats : RHP Joaquin Villalobos
Batting: RHB Rene Montoya 0-0: Ball
1-0: Foul Ball, location: 2F
1-1: Called Strike
1-2: Strikes out swinging
Batting: RHB Matt Fabre 0-0: Ball
1-0: Called Strike
1-1: Foul Ball, location: 2F
1-2: Ball
2-2: Fly out, F9 (Flyball, 9, EV 76.2 MPH)
Batting: RHB Adam Noyes 0-0: Ball
1-0: Ground out 5-3 (Groundball, 56S, EV 73.8 MPH)
Top of the 7th over - 0 runs, 0 hits, 0 errors, 0 left on base; El Paso 0 - Louisville 4
BOTTOM OF THE 7TH
Louisville Bats batting - Pitching for El Paso Chihuahuas : RHP Ethan Massey
Batting: LHB Randy Racine 0-0: Ball
1-0: Ball
2-0: Ball
3-0: Base on Balls
Batting: SHB Greg Prime 0-0: Ball
1-0: SINGLE (Flyball, 78S, EV 90.6 MPH)
Randy Racine to second
Batting: LHB Satoru Handa 0-0: Fielders Choice at 2nd, 3-6 (Groundball, 34, EV 83.1 MPH)
Randy Racine to third
Batting: RHB Colin Lord 0-0: Called Strike
0-1: Ball
Satoru Handa steals 2nd base (no throw)
1-1: Ball
2-1: Foul Ball, location: 2F
2-2: Foul Ball, location: 2F
2-2: Strikes out swinging, 2-3 out at first.
Batting: RHB Ryan Short 0-0: Ground out 5-3 (Groundball, 56S, EV 86.2 MPH)
Bottom of the 7th over - 0 runs, 1 hit, 0 errors, 2 left on base; El Paso 0 - Louisville 4
TOP OF THE 8TH
El Paso Chihuahuas batting - Pitching for Louisville Bats : RHP Joaquin Villalobos
Batting: LHB Angel Mejia 0-0: Called Strike
0-1: Ball
1-1: Foul Ball, location: 2F
1-2: Ball
2-2: Foul Ball, location: 2F
2-2: Strikes out swinging
Batting: RHB Andy Sheridan 0-0: Ball
1-0: Ball
2-0: Foul Ball, location: 2F
2-1: Ground out 4-3 (Groundball, 4, EV 97.5 MPH)
Batting: SHB Adam Martin 0-0: Called Strike
0-1: Ball
1-1: Ball
2-1: Foul Ball, location: 2F
2-2: SINGLE (Groundball, 56S, EV 63.1 MPH) (infield hit)
Batting: RHB Danny Bunn 0-0: Called Strike
0-1: Ball
1-1: Foul Ball, location: 2F
1-2: Ball
2-2: SINGLE (Groundball, 56D, EV 104.4 MPH)
Adam Martin to second
Runner from 2nd tries for 3rd, SAFE, throw by LF made at trailing runner, OUT! 7-4
Top of the 8th over - 0 runs, 2 hits, 0 errors, 1 left on base; El Paso 0 - Louisville 4
BOTTOM OF THE 8TH
Louisville Bats batting - Pitching for El Paso Chihuahuas : RHP Ethan Massey
Pitching: RHP Mike Wilkins
Batting: RHB Dave Ruiz 0-0: Ball
1-0: Swinging Strike
1-1: Swinging Strike
1-2: Strikes out swinging
Batting: RHB Matt Silva 0-0: Called Strike
0-1: SINGLE (Line Drive, 34D, EV 99.4 MPH)
Batting: RHB Won-jun Park 0-0: Called Strike
0-1: Ball
1-1: Ball
2-1: Ball
3-1: Base on Balls
Matt Silva to second
Batting: RHB Eric Sullivan 0-0: Ball
1-0: Foul Ball, location: 2F
1-1: Swinging Strike
1-2: Strikes out swinging
Batting: LHB Randy Racine 0-0: Called Strike
0-1: Called Strike
0-2: Ball
1-2: Foul Ball, location: 2F
1-2: Fielders Choice at 2nd, U6 (Groundball, 6M, EV 83.1 MPH)
Bottom of the 8th over - 0 runs, 1 hit, 0 errors, 2 left on base; El Paso 0 - Louisville 4
TOP OF THE 9TH
El Paso Chihuahuas batting - Pitching for Louisville Bats : RHP Joaquin Villalobos
Pitching: LHP Logan Moultry
Batting: RHB Mike Maserang 0-0: Called Strike
0-1: Ball
1-1: Swinging Strike
1-2: Ball
2-2: Strikes out swinging
Batting: RHB Kiril Emeshin 0-0: Called Strike
0-1: Swinging Strike
0-2: Ball
1-2: Strikes out swinging
Batting: RHB Rene Montoya 0-0: Ball
1-0: Called Strike
1-1: Foul Ball, location: 2F
1-2: Ground out U3 (Groundball, 34S, EV 61.2 MPH)
Top of the 9th over - 0 runs, 0 hits, 0 errors, 0 left on base; El Paso 0 - Louisville 4
Thursday, December 15th , 2022 - OOTP Baseball 23.9 Build 102